 Dungeon Crawl Stone Soup version 0.21-a0-508-gf08a75f (webtiles) character file.

3110 torrenera the Destroyer (level 9, -4/45 HPs)
             Began as a Deep Elf Air Elementalist on Nov 28, 2017.
             Was an Initiate of Vehumet.
             Killed from afar by zero's ghost (34 damage)
             ... with a stone arrow
             ... on level 8 of the Dungeon.
             The game lasted 00:26:38 (8064 turns).

torrenera the Destroyer (Deep Elf Air Elementalist) Turns: 8064, Time: 00:26:38

Health: -4/45      AC:  5    Str:  5    XL:     9   Next: 60%
Magic:  2/20       EV: 12    Int: 24    God:    Vehumet [......]
Gold:   378        SH:  0    Dex: 15    Spells: 5/20 levels left

rFire    . . .     SeeInvis .   a - +10 long sword of Contention {venom, rC++ Stlth+}
rCold    + + .     Gourm    .   (no shield)
rNeg     . . .     Faith    .   t - +1 leather armour {rPois}
rPois    +         Spirit   .   (no helmet)
rElec    .         Reflect  .   (no cloak)
rCorr    .         Harm     .   l - +0 pair of gloves
MR       +....                  (no boots)
Stlth    ++++......             (no amulet)
HPRegen  0.15/turn              j - ring of protection from magic
MPRegen  0.17/turn              s - ring of stealth

@: about to teleport
A: no striking features
a: Renounce Religion


You were on level 8 of the Dungeon.
You worshipped Vehumet.
Vehumet was noncommittal.
You were hungry.

You visited 2 branches of the dungeon, and saw 9 of its levels.
You also visited: Sewer.

You collected 378 gold pieces.

Inventory:

Hand Weapons
 a - the +10 long sword of Contention (weapon) {venom, rC++ Stlth+}
   (You found it on level 6 of the Dungeon)

   It poisons the flesh of those it strikes.
   It greatly protects you from cold.
   It makes you more stealthy.
 d - a +3 blowgun
 y - a +1 quarterstaff
 H - a +0 dagger of distortion
Missiles
 e - 46 poisoned needles
 k - 109 stones (quivered)
Armour
 l - a +0 pair of gloves (worn)
 t - a +1 leather armour of poison resistance (worn)
Jewellery
 i - an uncursed ring of see invisible
 j - a ring of protection from magic (left hand)
 s - a ring of stealth (right hand)
 u - a cursed amulet of inaccuracy {unknown}
 C - an uncursed ring of wizardry {unknown}
Scrolls
 h - 3 scrolls of remove curse
 p - a scroll of teleportation
 x - a scroll of fog {unknown}
 B - 2 scrolls of identify
 D - a scroll of blinking
 E - 2 scrolls of amnesia
 F - a scroll of enchant armour
Potions
 f - 6 potions of curing
 m - 3 potions of lignification {unknown}
 n - a potion of haste {unknown}
 o - a potion of brilliance {unknown}
 q - 2 potions of ambrosia {unknown}
 v - a potion of invisibility {unknown}
 w - 3 potions of flight {unknown}
 z - a potion of mutation {unknown}
Books
 b - a book of Air

   Spells                             Type                      Level
   a - Shock                          Conjuration/Air              1
   b - Swiftness                      Charms/Air                   2
   c - Static Discharge               Conjuration/Air              3
   d - Airstrike                      Air                          4
   e - Lightning Bolt                 Conjuration/Air              5
 G - a book of Beasts

   Spells                             Type                      Level
   a - Summon Butterflies             Summoning                    1
   b - Call Canine Familiar           Summoning                    3
   c - Summon Ice Beast               Ice/Summoning                4
   d - Summon Mana Viper              Hexes/Summoning              5
   e - Summon Hydra                   Summoning                    7
Comestibles
 c - 6 bread rations
 r - 2 meat rations


   Skills:
 - Level 2.4 Dodging
 - Level 2.4 Stealth
 - Level 6.0 Spellcasting
 * Level 10.6 Conjurations
 + Level 8.9 Air Magic


You had 5 spell levels left.
You knew the following spells:

 Your Spells              Type           Power        Failure   Level  Hunger
a - Shock                 Conj/Air       ####         1%          1    None
b - Swiftness             Chrm/Air       ####....     3%          2    None
c - Static Discharge      Conj/Air       ######..     1%          3    #......
d - Airstrike             Air            ######....   3%          4    ###....
e - Lightning Bolt        Conj/Air       ######....   6%          5    #####..


Dungeon Overview and Level Annotations

Branches:
Dungeon (8/15)             Temple (1/1) D:7
   Lair: D:8-11

Altars:
Ashenzari
Cheibriados
Dithmenos
Elyvilon
Fedhas
Hepliaklqana
Kikubaaqudgha
Makhleb
Okawaru
Ru
Sif Muna
Trog
Uskayaw
Vehumet
Yredelemnul
Zin

Annotations:
D:2 Grinder
D:8 zero's ghost, novice GrEE


Message History

You hear an angry hiss.
Zero's ghost hits you.
A wyvern comes into view.
The wyvern hisses angrily.
Zero's ghost gestures at you while chanting.
The blast of sand hits you!
Zero's ghost gestures at you while chanting.
The stone arrow hits you!
Ouch! That really hurt!
* * * LOW HITPOINT WARNING * * *
The wyvern hisses menacingly.
You feel much better. Zero's ghost casts a spell at you.
You easily resist.
As you read the scroll of teleportation, it crumbles to dust.
You feel strangely unstable. Zero's ghost casts a spell at you.
The stone arrow hits you!
Ouch! That really hurt!
You die...

#### ### ### # # #
### ### # ..# #.###.#
# .... ####...#######
.....######
###...###.......
..........###
####..#### #.###.##
.###.......D###....##
### ####
#.#.###..ltW..@.## #
# #. ########### # ##
#### .... .... ###.
#. #. ##.


You could see a steam dragon, a crocodile, a wyvern and zero's ghost.

Vanquished Creatures
  A two-headed ogre (D:8)
  Psyche (D:8)
  A wyvern (D:8)
  2 phantoms
  An ice beast (D:7)
  2 orc warriors
  2 necrophages (D:7)
  2 sky beasts
  An ogre (D:3)
  2 centaurs
  A big kobold (D:8)
  A bullfrog (D:6)
  A wyvern skeleton (D:8)
  2 scorpions
  2 crimson imps
  2 hounds (D:8)
  2 jellies
  4 orc priests
  Terence (D:2)
  An iguana (D:7)
  3 orc wizards
  2 worker ants
  A hound skeleton (D:4)
  7 adders
  A shadow imp (D:6)
  2 oozes
  An adder skeleton (D:6)
  5 worms
  3 dart slugs (D:1)
  6 leopard geckos
  22 orcs
  6 giant cockroaches
  8 hobgoblins
  6 jackals
  16 kobolds
  4 quokkas
  8 bats
  8 frilled lizards
  5 goblins
  A quokka skeleton (D:6)
  8 rats
155 creatures vanquished.

Notes
Turn   | Place    | Note
-------+----------+-------------------------------------------
     0 | D:1      | torrenera the Deep Elf Air Elementalist began the quest for the Orb.
     0 | D:1      | Reached XP level 1. HP: 10/10 MP: 6/6
   262 | D:1      | Reached XP level 2. HP: 11/15 MP: 4/8
   671 | D:1      | Reached XP level 3. HP: 12/19 MP: 3/10
   990 | D:1      | Learned a level 2 spell: Swiftness
   994 | D:1      | Learned a level 3 spell: Static Discharge
  1270 | D:2      | Noticed Terence
  1302 | D:2      | Killed Terence
  1404 | D:2      | Reached XP level 4. HP: 24/24 MP: 8/12
  1464 | D:2      | Learned a level 4 spell: Airstrike
  2392 | D:3      | Reached skill level 5 in Spellcasting
  2400 | D:3      | Noticed Grinder
  2425 | D:3      | Reached XP level 5. HP: 20/28 MP: 1/14
  2520 | D:3      | Noticed an ogre
  2542 | D:3      | Killed an ogre
  2542 | D:3      | Reached skill level 5 in Air Magic
  2998 | D:3      | Learned a level 5 spell: Lightning Bolt
  3090 | D:4      | Found a glowing drain.
  3201 | Sewer    | Entered a sewer
  3296 | Sewer    | Noticed Purgy
  3321 | Sewer    | Reached XP level 6. HP: 27/32 MP: 14/17
  3490 | D:4      | Reached skill level 2 in Conjurations
  4062 | D:5      | Entered Level 5 of the Dungeon
  4183 | D:5      | Noticed an orc warrior
  4198 | D:5      | Killed an orc warrior
  4198 | D:5      | Reached skill level 3 in Conjurations
  4198 | D:5      | Reached XP level 7. HP: 21/36 MP: 4/18
  4323 | D:5      | Reached skill level 4 in Conjurations
  4976 | D:6      | Got a scorched long sword
  4977 | D:6      | Identified the +10 long sword of Contention {venom, rC++ Stlth+} (You found it on level 6 of the Dungeon)
  5026 | D:6      | Noticed a manticore
  5079 | D:6      | Reached skill level 5 in Conjurations
  5575 | D:7      | Reached skill level 6 in Conjurations
  5575 | D:7      | Reached XP level 8. HP: 41/41 MP: 10/19
  6018 | D:7      | Reached skill level 7 in Conjurations
  6206 | D:7      | Found a staircase to the Ecumenical Temple.
  6223 | Temple   | Entered the Ecumenical Temple
  6229 | Temple   | Became a worshipper of Vehumet
  6357 | D:7      | Reached skill level 8 in Conjurations
  6772 | D:8      | Noticed a two-headed ogre
  6790 | D:8      | Killed a two-headed ogre
  6790 | D:8      | Reached skill level 9 in Conjurations
  6790 | D:8      | Reached XP level 9. HP: 45/45 MP: 2/20
  6902 | D:8      | Noticed zero's ghost (novice GrEE)
  7040 | D:8      | Noticed Psyche
  7045 | D:8      | Killed Psyche
  7196 | D:8      | Reached skill level 10 in Conjurations
  8061 | D:8      | HP: 1/45 [zero's ghost/stone arrow (39)]
  8064 | D:8      | Killed from afar by zero's ghost

Vault maps used:
D:1:      noname_arrival_rooms_in_the_neighbourhood, minmay_misc_feat_diagonals
D:2:      minmay_kobold_bridge, first_bread, uniq_terence
D:3:      uniq_grinder, uniq_sigmund
D:4:      portal_sewer_entry_f
D:6:      gup_ossuary_entry_pyramid
D:7:      minmay_temple_entry_glassed_door, lemuel_flame_loot_1
D:8:      grunt_qazlal_clouds, erik_lair_dragon, uniq_psyche
Temple:   dpeg_three_leaves_temple
Sewer:    kennysheep_door_sewer

Skill      XL: |  1  2  3  4  5  6  7  8  9 |
---------------+----------------------------+-----
Spellcasting   | 4 5 6 |  6.0
Air Magic      | 4 5 6 8 |  8.9
Conjurations   | 3 6 9 10 | 10.6
Dodging        | |  2.4
Stealth        | |  2.4

Action                   |  1- 3 |  4- 6 |  7- 9 || total
-------------------------+-------+-------+-------++-------
Melee: Dagger            |    30 |   120 |       ||   150
       Long sword        |       |       |    20 ||    20
 Cast: Shock             |    68 |   119 |   117 ||   304
       Static Discharge  |       |    14 |    19 ||    33
       Lightning Bolt    |       |       |    19 ||    19
  Use: Scroll            |       |     9 |     4 ||    13
       Potion            |       |       |     3 ||     3
 Stab: Sleeping          |     3 |     8 |     1 ||    12
  Eat: Chunk             |     1 |    10 |    12 ||    23
       Fruit             |       |       |     2 ||     2
       Royal jelly       |       |       |     1 ||     1
Armor: Robe              |    33 |    35 |       ||    68
       Leather armour    |       |       |    17 ||    17
Dodge: Dodged            |    86 |    99 |    25 ||   210
       Rpst.: Long sword |       |       |     3 ||     3

Table legend:
 A = Spawn XP
 B = Non-spawn XP
 C = Spawn XP percentage of total XP
 D = Spawn monster count
 E = Non-spawn monster count
 F = Spawn count percentage of total count
 G = Total turns spent on level
                    A         B        C        D         E        F      G
               +---------+---------+-------+---------+---------+-------+---------
         Total |       0 |    4443 |   0.0 |       0 |     155 |   0.0 |  8064
               +---------+---------+-------+---------+---------+-------+---------
           D:1 |       0 |      54 |   0.0 |       0 |      30 |   0.0 |  1315
           D:2 |       0 |     102 |   0.0 |       0 |      19 |   0.0 |   941
           D:3 |       0 |     188 |   0.0 |       0 |      21 |   0.0 |   745
           D:4 |       0 |     194 |   0.0 |       0 |      13 |   0.0 |   890
           D:5 |       0 |     290 |   0.0 |       0 |      12 |   0.0 |   498
           D:6 |       0 |     505 |   0.0 |       0 |      14 |   0.0 |   942
           D:7 |       0 |     899 |   0.0 |       0 |      18 |   0.0 |  1435
           D:8 |       0 |    2193 |   0.0 |       0 |      23 |   0.0 |  1114
         Sewer |       0 |      18 |   0.0 |       0 |       5 |   0.0 |   171
               +---------+---------+-------+---------+---------+-------+---------
